AoeStats
← Slippery|Pete|

Arena

508337026Analyzed
1v1 RM · 11d ago on Sep 22, 2026· 89m 12s· 2 players
Game mode
Random Map
Map size
Tiny (2 player)
Population
200
Speed
Normal
Resources
Standard
Victory
Conquest
Starting age
Dark Age
Ending age
Imperial Age
RankedLock teamsTeams togetherTeam positionsShared explorationLock speedFull tech treeHidden civsTurbo modeCheats
Victory
Defeat
🇺🇸 Magyars · United States
956
+15
🇺🇸 Britons · United States
930
-15
Slippery|Pete|
11:26 Feudal Age
15:38 Castle Age
13:36 Double-Bit Axe
13:44 Horse Collar
18:05 Bow Saw
20:28 Loom
22:39 Forging
22:22 Fletching
22:35 Pikeman
23:18 Squires
24:25 Gold Mining
24:26 Stone Mining
24:39 Bodkin Arrow
24:43 Crossbowman
26:42 Wheelbarrow
26:48 Ballistics
31:28 Padded Archer Armor
31:29 Scale Mail Armor
31:28 Gambesons
35:32 Leather Archer Armor
36:10 Chain Mail Armor
36:30 Iron Casting
41:11 Imperial Age
42:48 Conscription
41:59 Capped Ram
42:10 Halberdier
42:11 Arbalester
42:56 Bracer
43:29 Ring Archer Armor
44:07 Two-Man Saw
45:14 Chemistry
44:47 Plate Mail Armor
46:19 Blast Furnace
46:28 Warwolf
52:55 Yeomen
64:53 Elite Skirmisher
66:11 Heavy Plow
StealthNoodles
9:43 Loom
11:28 Feudal Age
17:28 Castle Age
15:43 Double-Bit Axe
15:38 Horse Collar
15:51 Gold Mining
16:16 Bloodlines
17:16 Scale Barding Armor
18:45 Husbandry
20:25 Corvinian Army
25:10 Bow Saw
27:55 Chain Barding Armor
30:53 Fletching
31:03 Padded Archer Armor
30:55 Pikeman
31:44 Thumb Ring
34:32 Ballistics
34:31 Leather Archer Armor
34:12 Bodkin Arrow
40:10 Imperial Age
37:19 Pikeman
39:06 Wheelbarrow
38:18 Town Watch
42:16 Conscription
41:57 Elite Magyar Huszar
44:13 Ring Archer Armor
43:44 Bracer
43:23 Heavy Cavalry Archer
44:30 Parthian Tactics
45:48 Plate Barding Armor
45:31 Hand Cart
45:44 Conscription
45:47 Cavalier
47:49 Paladin
50:27 Parthian Tactics
61:46 Recurve Bow
61:52 Recurve Bow
61:30 Elite Skirmisher
70:12 Light Cavalry
71:47 Hussar
84:35 Siege Engineers
85:31 Chemistry
Connection lost

Rejoining the realm…

Still unreachable

The connection could not be restored.

Session expired

The server has moved on; the page needs a fresh start.